 Dungeon Crawl Stone Soup version 0.26.0-7-g794d0892b4 (console) character file.

Game seed: 9533791150332746491

1344 Garrluk the Conjurer (level 8, -7/44 HPs)
             Began as a Deep Elf Fire Elementalist on Jan 11, 2021.
             Was a Follower of Sif Muna.
             Mangled by an orc warrior
             ... wielding a +0 dire flail
              (19 damage)
             ... while paralysed by an orc
             ... on level 8 of the Dungeon.
             The game lasted 00:23:06 (2607 turns).

Garrluk the Conjurer (Deep Elf Fire Elementalist)   Turns: 2607, Time: 00:23:07

Health: -7/44      AC:  7    Str:  5    XL:     8   Next: 36%
Magic:  3/19       EV:  2    Int: 23    God:    Sif Muna [*.....]
Gold:   277        SH:  0    Dex: 15    Spells: 7/20 levels left

rFire    . . .     SeeInvis .   c - +0 dagger
rCold    . . .     Faith    .   (no shield)
rNeg     . . .     Spirit   .   a - +0 robe
rPois    .         Reflect  .   e - +2 helmet
rElec    .         Harm     .   q - +0 cloak
rCorr    .         Rampage  .   p - +0 pair of gloves (curse)
Will     .....                  (no boots)
Stlth    ++........             (no amulet)
HPRegen  0.14/turn              (no ring)
MPRegen  0.16/turn              (no ring)

@: paralysed, very slightly contaminated
A: no striking features
a: Renounce Religion, Channel Magic


You were on level 8 of the Dungeon.
You worshipped Sif Muna.
Sif Muna was aware of your devotion.
You visited 2 branches of the dungeon, and saw 9 of its levels.

You collected 277 gold pieces.

Inventory:

Hand Weapons
 c - a +0 dagger (weapon)
Missiles
 m - 20 poisoned darts (quivered)
Armour
 a - a +0 robe (worn)
 e - a +2 helmet (worn)
 p - a cursed +0 pair of gloves (worn)
 q - a +0 cloak (worn)
Wands
 d - a wand of flame (14)
Scrolls
 b - 4 scrolls of identify {unknown}
 f - 3 scrolls of teleportation {unknown}
 h - 4 scrolls of remove curse {unknown}
 k - a scroll of magic mapping {unknown}
 l - a scroll of noise {unknown}
 n - 2 scrolls of immolation {unknown}
Potions
 g - 3 potions of heal wounds {unknown}
 i - a potion of berserk rage {unknown}
 j - a potion of ambrosia {unknown}
 o - a potion of magic {unknown}


   Skills:
 + Level 1.9 Fighting
 - Level 2.4 Dodging
 - Level 2.4 Stealth
 + Level 6.6 Spellcasting
 * Level 7.1 Conjurations
 + Level 5.9 Fire Magic
 * Level 3.7 Invocations


You had 7 spell levels left.
You knew the following spells:

 Your Spells              Type           Power        Failure   Level
a - Foxfire               Conj/Fire      100%         1%          1
b - Sticky Flame          Conj/Fire      37%          5%          4
c - Conjure Flame         Conj/Fire      37%          1%          3
d - Fireball              Conj/Fire      18%          16%         5

Your spell library contained the following spells:

 Spells                   Type           Power        Failure   Level
 Inner Flame              Hex/Fire       21%          7%          3
 Corona                   Hex            7%           9%          1
 Slow                     Hex            7%           12%         2
 Portal Projectile        Hex/Tloc       14%          24%         3
 Cause Fear               Hex            3%           63%         4
 Leda's Liquefaction      Hex/Erth       3%           63%         4


Dungeon Overview and Level Annotations

Branches:
Dungeon (8/15)             Temple (1/1) D:5
   Lair: D:8-11

Altars:
Ashenzari
Cheibriados
Dithmenos
Elyvilon
Fedhas
Gozag
Hepliaklqana
Kikubaaqudgha
Nemelex Xobeh
Okawaru
Qazlal
Ru
Sif Muna
Trog
Uskayaw
Vehumet
Wu Jian
Xom
Yredelemnul
Zin
The Shining One


Message History

You are very lightly contaminated with residual magic.
Heat runs through your body!
Casting: Fireball (quite dangerous; 16% risk of failure)
Confirm with . or Enter, or press ? or * to list all spells.
The spell is quite dangerous to cast (16% risk of failure)!
Continue anyway?
Aiming: Fireball (quite dangerous; 16% risk of failure)
Press: ? - help, Shift-Dir - straight line, f/p - orc warrior
Aim: an orc warrior, wielding a +0 dire flail and wearing a +0 chain mail (lightly wounded)
You miscast Fireball.
Nothing appears to happen.
The orc zaps a wand.
You easily resist.
The orc zaps a wand.
You suddenly lose the ability to move!
The orc zaps a wand.
You easily resist.
An orc wizard comes into view. It is wielding a +0 trident.
The orc zaps a wand.
You shrug off the repeated paralysis!
The orc warrior hits you with a +0 dire flail!
* * * LOW HITPOINT WARNING * * *
The orc warrior barely misses you.
The orc wizard shouts!
The orc warrior hits you with a +0 dire flail!!
You die...

# #....#........ # #....'........
.......<# ## #
#....#..................# #. #
#....#..................# #. #
#....#..... ..........+ #.
####....###'#####+#........######
..................#..............
#####...##.o......+........†....(
# #######...o....#..............
# #.....#........#..............
# #.###.#.....o@.#..............
# #...#[#........#........######
# #...#.########..........+....#
# #####...........#.#.#.).#....#
#######...†.........#....#
#.........#.#.#...#....'
#.................#....#
#.........#.#.#...#....#
#.................#.....
#........#........#.....
#........#........#.....


You could see an orc warrior, an orc wizard and an orc.

Vanquished Creatures
  A phantom (D:5)
  A centaur (D:6)
  A necrophage (D:6)
  2 ogres
  2 bullfrogs
  2 scorpions
  A howler monkey (D:6)
  A quasit (D:8)
  A hound (D:4)
  2 jellies
  2 orc priests
  2 bullfrog skeletons
  2 centaur skeletons
  An orc wizard (D:6)
  4 iguanas
  2 worker ants
  A killer bee zombie (D:6)
  A hound skeleton (D:6)
  A worker ant zombie (D:5)
  8 adders
  3 gnolls
  An ooze (D:5)
  2 worms
  A dart slug (D:4)
  3 leopard geckos
  6 orcs (D:6)
  3 giant cockroaches
  3 goblins
  A hobgoblin (D:1)
  6 jackals
  3 quokkas
  2 bats (D:2)
  A frilled lizard (D:4)
  A jackal zombie (D:6)
  4 kobolds
  3 rats
81 creatures vanquished.

Vanquished Creatures (collateral kills)
  A foxfire (D:6)
1 creature vanquished.

Vanquished Creatures (others)
  269 foxfires
269 creatures vanquished.

Grand Total: 351 creatures vanquished

Notes
Turn   | Place    | Note
-------+----------+-------------------------------------------
     0 | D:1      | Garrluk the Deep Elf Fire Elementalist began the quest for
                  | the Orb.
     0 | D:1      | Reached XP level 1. HP: 10/10 MP: 6/6
    50 | D:2      | Reached skill level 2 in Conjurations
    50 | D:2      | Reached XP level 2. HP: 15/15 MP: 2/8
   203 | D:2      | Reached XP level 3. HP: 19/19 MP: 1/10
   276 | D:2      | Found a sparkling altar of Nemelex Xobeh.
   298 | D:2      | Reached skill level 3 in Conjurations
   298 | D:2      | Reached XP level 4. HP: 15/24 MP: 6/11
   421 | D:3      | Learned a level 4 spell: Sticky Flame
   425 | D:3      | Learned a level 3 spell: Conjure Flame
   656 | D:4      | Found a glowing silver altar of Zin.
   657 | D:4      | Found a basalt altar of Yredelemnul.
   690 | D:4      | Noticed an ogre
   699 | D:4      | Killed an ogre
   700 | D:4      | Reached skill level 4 in Conjurations
   700 | D:4      | Reached XP level 5. HP: 21/28 MP: 5/14
   708 | D:4      | Learned a level 5 spell: Fireball
   802 | D:5      | Entered Level 5 of the Dungeon
   852 | D:5      | Noticed an ogre
   900 | D:4      | Reached skill level 5 in Spellcasting
   900 | D:4      | Reached XP level 6. HP: 21/32 MP: 3/15
  1070 | D:4      | Reached skill level 5 in Conjurations
  1427 | D:5      | Reached skill level 5 in Fire Magic
  1491 | D:5      | Found a staircase to the Ecumenical Temple.
  1517 | D:5      | Reached XP level 7. HP: 29/36 MP: 12/17
  1539 | Temple   | Entered the Ecumenical Temple
  1624 | Temple   | Became a worshipper of Sif Muna the Loreminder
  1753 | D:5      | Reached skill level 1 in Invocations
  1793 | D:6      | Reached skill level 6 in Conjurations
  1844 | D:6      | Found an ancient bone altar of Kikubaaqudgha.
  1877 | D:6      | Reached skill level 1 in Fighting
  1988 | D:6      | Reached XP level 8. HP: 31/43 MP: 4/19
  2097 | D:5      | Noticed Prince Ribbit
  2147 | D:5      | Noticed a two-headed ogre
  2296 | D:7      | Found a blossoming altar of Fedhas.
  2366 | D:8      | Reached * piety under Sif Muna
  2411 | D:8      | Reached skill level 7 in Conjurations
  2430 | D:8      | Found a bloodstained altar of Trog.
  2603 | D:8      | Paralysed by an orc for 5 turns
  2607 | D:8      | Mangled by an orc warrior

Illustrated notes

Levels and vault maps discovered:
D:1:      co_arrival_random_square_maze, layout_basic, minmay_heptomino_d4
D:2:      layout_rooms, nemelex_lonely_heart_becter
D:3:      layout_basic
D:4:      layout_cave_pools, gammafunk_temple_overflow_pools, serial_park,
          serial_park_paths [serial_park_minivault_5x5_7], serial_park_tiny_2
D:5:      layout_basic, minmay_temple_entry_offerings, uniq_prince_ribbit1
D:6:      layout_gridville, lemuel_coloured_pillars_altar,
          makhleb_blood_cavern_becter
D:7:      minmay_the_grid_octo_triangle [minmay_the_grid_octo_concentric,
          minmay_the_grid_octo_prize_ultimate_mussel_roller,
          minmay_the_grid_octo_toaster], layout_loops_ring,
          lemuel_crystal_altar, okawaru_trees_2, uniq_crazy_yiuf_cottage
D:8:      layout_gridville, kennysheep_little_box, gammafunk_ghost_necromancy,
          serial_co_window_serial, co_window_paths_a, co_window_corner_a,
          co_window_paths_a, co_window_paths_a, co_window_paths_a,
          co_window_of_opportunity_b, co_window_unsneaky_path_c,
          co_window_of_opportunity_c, glass_columns_b, glass_columns_b,
          glass_columns_b, glass_columns_c, minmay_shop_enchanted_jewellery
Temple:   minmay_temple_bridge_d

Skill      XL: |  1  2  3  4  5  6  7  8 |
---------------+-------------------------+-----
Conjurations   | 2 3 4 5 6 7 |  7.1
Spellcasting   | 4 5 6 |  6.6
Fire Magic     | 4 5 |  5.9
Invocations    | 2 3 |  3.7
Fighting       | 1 |  1.9
Dodging        | |  2.4
Stealth        | |  2.4

Action                   |  1- 3 |  4- 6 |  7- 9 || total
-------------------------+-------+-------+-------++-------
Melee: Unarmed           |     3 |       |       ||     3
       Dagger            |     2 |    32 |    10 ||    44
 Cast: Foxfire           |    31 |    72 |    71 ||   174
       Sticky Flame      |       |     3 |    11 ||    14
       Conjure Flame     |       |     2 |     3 ||     5
       Fireball          |       |       |     3 ||     3
Armor: Robe              |     5 |    16 |    19 ||    40
Dodge: Dodged            |    14 |    22 |    42 ||    78
